 Dungeon Crawl Stone Soup version 0.02-207-g49f19f9342 (webtiles) character file.

Game seed: 9292546371757886478, levelgen mode: deterministic

42 Dracia the Chiller (level 3, 26/26 HPs) Immature Draconian Ice Elementalist. Began on Dec 4, 2020. Got out of the dungeon alive. The game lasted 00:01:56 (329 turns).

Dracia the Chiller (DrIE)                            Turns: 329, Time: 00:01:57

Health: 26/26      AC:  6    Str: 10    XL:     3 ^: 37
Magic:  7/7        EV: 12    Int: 16    God:
Gold:   6          SH:  0    Dex: 11    Spells: 6/7 levels left

rFire    . . .     Vision   .   (no weapon)
rCold    . . .     Gourm    .   (no weapon)
rNeg     . . .     Faith    .   (armour unavailable)
rPois    .         Spirit   .   (helmet restricted)
rElec    .         Reflect  .   (no cloak)
rCorr    .         Harm     .   (no gloves)
MR       .....                  (no boots)
Stlth    ++........             (no amulet)
HPRegen  0.18/turn              (no ring)
MPRegen  0.17/turn              (no ring)

@: no status effects
A: no body armour, unfitting armour, cold-blooded, AC +6
a: Breathe Dart


You escaped.
You were not hungry.

You visited 1 branch of the dungeon, and saw 1 of its levels.

You collected 6 gold pieces.


Innate Abilities, Weirdness & Mutations

You cannot fit into any form of body armour.
Your plain brown scales are hard. (AC +6)
You can breathe rudimentary magical darts.
You are cold-blooded and may be slowed by cold attacks.


   Skills:
 - Level 1.5 Dodging
 - Level 1.4 Stealth
 - Level 2.6 Spellcasting
   Level 0.7 Summonings
 + Level 3.6 Ice Magic


You had 6 spell levels left.
You knew the following spells:

 Your Spells              Type           Power        Failure   Level  Hunger
a - Freeze                Ice            13 (25)      4%          1    #......

Your spell library contained the following spells:

 Spells                   Type           Power        Failure   Level  Hunger
 Throw Frost              Ice            13 (50)      6%          2    ##.....
 Ozocubu's Armour         Chrm/Ice       8 (100)      26%         3    ###....
 Hailstorm                Ice            13 (100)     38%         4    #####..
 Throw Icicle             Ice            13 (100)     38%         4    #####..
 Summon Ice Beast         Ice/Summ       9 (100)      61%         4    #####..

Inventory:

Jewellery
 a - a cursed ring of resist corrosion {(Curse: rF-)}
 d - an uncursed ring of stealth
Potions
 c - a potion of might
Comestibles
 b - a ration {@e1@e1}

Dungeon Overview and Level Annotations

Branches:
Dungeon (1/8)

Altars:

.....#.............#.##
...#...###...###.....##
#..#...#>..)...#......# .
#......#.......#........# #
##..#.............#.....# .#
#...#......#......####.###.##
.
###.#.............#.#.......#.
##...#.......#............. .
#...#......@#........##.# ..
#...###...###.......)#..#...
##.............#............
##......)......#............
####...###...###..))........
##....####).####.)†)........
##....÷#...#####...........
##..#.)....##.............
######....##.............


There were no monsters in sight!


Message History

No reachable target in view!
A rat is nearby!
A rat is nearby!
A rat is nearby!
No reachable target in view!
No reachable target in view!
A rat is nearby!
No reachable target in view!
No reachable target in view!
You hit the rat (1). You hit the rat (2).
You kill the rat!
No target in view!
No target in view!
You see here a rat corpse.
You see here a leopard gecko corpse.
A bat comes into view.
Found 11 gold pieces.
A bat is nearby!
No reachable target in view!
A bat is nearby!
No reachable target in view!
No reachable target in view!
A bat is nearby!
No reachable target in view!
A bat is nearby!
Quiver which item? (- for none, * to show all) (? for menu, Esc to quit)
Okay, then.
There is a staircase leading out of the dungeon here.
Are you sure you want to leave the Dungeon?
This will make you lose the game!
You have escaped!

Skill      XL: |  1 |
---------------+----+-----
Ice Magic      | 3 |  3.6
Dodging        | |  1.5
Stealth        | |  1.4
Spellcasting   | |  2.6
Summonings     | |  0.7

Action                   || total
-------------------------++-------
Melee: Unarmed           ||   206
       Tailslap          ||    15
 Cast: Freeze            ||     8
Armor: Skin              ||    16
Dodge: Dodged            ||    64

Levels and vault maps discovered:
D:1:      minmay_arrival_open_corners, layout_cave_pools, serial_bayou_ford_a,
          minmay_worlds_worst_comb, portal_sewer_entry_d

Notes
Turn   | Place    | Note
-------+----------+-------------------------------------------
     0 | D:1      | Dracia the Immature Draconian Ice Elementalist began the
                  | quest for the Orb.
     0 | D:1      | Reached XP level 1. HP: 14/14 MP: 4/4
    39 | D:1      | Reached skill level 3 in Ice Magic
    39 | D:1      | Reached XP level 2. HP: 16/20 MP: 5/5
    87 | D:1      | Reached XP level 3. HP: 15/26 MP: 0/7
   329 | D:$      | Got out of the dungeon alive.

Vanquished Creatures
  A giant cockroach (D:1)
  A cinder newt (D:1)
  A dart slug (D:1)
  A leopard gecko (D:1)
  A bat (D:1)
  5 hobgoblins (D:1)
  5 goblins (D:1)
  A rat (D:1)
16 creatures vanquished.

Table legend:
 A = Turns spent in this place as a percentage of turns spent in the entire game.
 B = Non-inter-level travel turns spent in this place as a percentage of non-inter-level travel turns spent in the entire game.
 C = Inter-level travel turns spent in this place as a percentage of turns spent in this place.
 D = Turns resting spent in this place as a percentage of non-inter-level travel turns spent in this place.
 E = Turns spent auto-exploring this place as a percentage of non-inter-level travel turns spent in this place.
 F = Non-inter-level travel turns spent in this place divided by the number of levels of this place that you've seen.
                   A       B       C       D       E      F
               +-------+-------+-------+-------+-------+----------------------
         Total | 100.0 | 100.0 |   8.8 |  33.7 |  13.0 | 300.0
       Dungeon | 100.0 | 100.0 |   8.8 |  33.7 |  13.0 | 300.0
               +-------+-------+-------+-------+-------+----------------------

Table legend:
 A = Non-vault XP
 B = Vault XP
 C = Vault XP percentage of total XP
 D = Non-vault monster count
 E = Vault monster count
 F = Vault count percentage of total count
                 A         B        C        D         E       F
            +---------+---------+-------+---------+---------+-------
      Total |      60 |       0 |   0.0 |      16 |       0 |   0.0
            +---------+---------+-------+---------+---------+-------
        D:1 |      60 |       0 |   0.0 |      16 |       0 |   0.0
            +---------+---------+-------+---------+---------+-------
